 Dungeon Crawl Stone Soup version 0.26.1-2-gb8aa6d0 (webtiles) character file.

Game seed: 18084258552217074188

1214 Geeful the Covert (level 8, 0/55 HPs)
             Began as an Octopode Delver on Apr 7, 2021.
             Was a Priest of Vehumet.
             Slain by a hound (1 damage)
             ... on level 6 of the Dungeon.
             The game lasted 00:18:57 (6335 turns).

Geeful the Covert (Octopode Delver)                 Turns: 6335, Time: 00:18:58

Health: 0/55       AC:  3    Str: 11      XL:     8   Next: 46%
Magic:  13/13      EV: 15    Int: 21      God:    Vehumet [***...]
Gold:   4          SH:  0    Dex: 11 (13) Spells: 13/14 levels left

rFire    . . .     SeeInvis .   a - +3 dagger (venom)
rCold    . . .     Faith    .   (no shield)
rNeg     . . .     Spirit   .   x - +2 hat
rPois    .         Reflect  .   (no amulet)
rElec    .         Harm     .   k - +6 ring of intelligence
rCorr    +         Rampage  .   y - ring of resist corrosion
Will     .....                  (no ring)
Stlth    +++++.....             (no ring)
HPRegen  0.18/turn              (no ring)
MPRegen  0.13/turn              (no ring)
                                (no ring)
                                (no ring)

@: slowed, very slow
A: almost no armour, stealthy swim, amphibious, 8 rings, constrict 8, camouflage
1, gelatinous body 1
a: Renounce Religion


You were on level 6 of the Dungeon.
You worshipped Vehumet.
Vehumet was most pleased with you.
You visited 2 branches of the dungeon, and saw 7 of its levels.

You collected 345 gold pieces.
You spent 341 gold pieces at shops.

Inventory:

Hand Weapons
 a - a +3 dagger of venom (weapon)
 b - the +5 spear "Ydouraal" {flame, rC+ Int+2}
   (You found it on level 4 of the Dungeon)

   It has been specially enchanted to burn those struck by it, causing extra
   injury to most foes and up to half again as much damage against particularly
   susceptible opponents.
   It affects your intelligence (+2).
   It protects you from cold.
Missiles
 i - 6 datura-tipped darts
 j - 33 poisoned darts (quivered)
Armour
 q - a +1 kite shield
 x - a +2 hat (worn)
Jewellery
 k - a +6 ring of intelligence (left tentacle)
 y - a ring of resist corrosion (right tentacle)
Wands
 f - a wand of digging (3)
 u - a wand of enslavement (4)
Scrolls
 c - 2 scrolls of magic mapping
 d - 4 scrolls of fear
 l - 3 scrolls of fog
 n - 2 scrolls of enchant armour
 o - a scroll of remove curse
 t - a scroll of enchant weapon
 v - 2 scrolls of identify
Potions
 e - 2 potions of haste
 g - 2 potions of mutation {unknown}
 h - a potion of heal wounds {unknown}
 m - 4 potions of curing
 p - 3 potions of might
 r - a potion of flight {unknown}
 s - 2 potions of lignification {unknown}


   Skills:
 + Level 5.0 Fighting
 - Level 2.0 Short Blades
 + Level 4.5 Dodging
 + Level 8.9 Stealth
 * Level 4.1 Shields
 + Level 3.5 Spellcasting
 + Level 2.7 Fire Magic


You had 13 spell levels left.
You knew the following spells:

 Your Spells              Type           Power        Failure   Level
a - Foxfire               Conj/Fire      36%          2%          1

Your spell library contained the following spells:

 Spells                   Type           Power        Failure   Level
 Stone Arrow              Conj/Erth      6%           11%         3
 Shock                    Conj/Air       12%          3%          1
 Static Discharge         Conj/Air       3%           11%         3
 Swiftness                Air            3%           19%         2
 Airstrike                Air            1%           30%         4
 Lightning Bolt           Conj/Air       1%           63%         5


Dungeon Overview and Level Annotations

Branches:
Dungeon (6/15)             Temple (1/1) D:4

Altars:
Ashenzari
Cheibriados
Dithmenos
Elyvilon
Gozag
Hepliaklqana
Makhleb
Nemelex Xobeh
Okawaru
Qazlal
Ru
Sif Muna
Trog
Uskayaw
Vehumet
Wu Jian
Xom
Yredelemnul
Zin
The Shining One

Shops:
D:6 *

Annotations:
D:6 3 runed translucent doors, xeelzz's ghost, novice GnSu


Innate Abilities, Weirdness & Mutations

You cannot wear most types of armour.
You are very stealthy in the water. (Stealth+)
You are amphibious.
You can wear up to eight rings at the same time.
You can use your tentacles to constrict eight enemies at once.
Your skin changes colour to match your surroundings (Stealth+).
Your rubbery body absorbs attacks. (AC +1, EV +1)


Message History

The black bear barely misses you. The black bear closely misses you.
The hound misses you.
You feel your dexterity returning.
Items here: ( ) [ †.
The hound completely misses you. The hound bites you.
* * * LOW HITPOINT WARNING * * *
The hound misses you. The black bear bites you.
* * * LOW HITPOINT WARNING * * *
The black bear closely misses you. The black bear barely misses you.
The hound closely misses you. The hound bites you.
* * * LOW HITPOINT WARNING * * *
You feel better. The black bear bites you!
* * * LOW HITPOINT WARNING * * *
The black bear misses you. x2; The hound barely misses you.
The black bear closely misses you. The black bear claws you.
* * * LOW HITPOINT WARNING * * *
The black bear claws you.
* * * LOW HITPOINT WARNING * * *
The hound bites you.
You die...

##### #...#
##########...##########
#........'...'.........
#.########...#.[.......
#.# #...#@........ #.#
#...#hh....... #.#
#####......... ###.#
#))....... ..#.#
#......... ..#.#######
#.)....... ...>.......
........... ..#########
...........?. ..#
#..............


You could see a black bear (poisoned) and a hound.

Vanquished Creatures
  Grinder (D:3)
  Menkaure (D:5)
  An ice beast (D:5)
  An ogre (D:5)
  A phantom (D:4)
  A centaur (D:5)
  A water moccasin skeleton (D:6)
  A scorpion (D:4)
  A quasit (D:5)
  A bullfrog skeleton (D:5)
  A bullfrog zombie (D:5)
  2 orc wizards (D:6)
  Ijyb (D:4)
  4 worker ants
  6 adders
  4 worms
  3 dart slugs
  4 leopard geckos
  8 orcs
  12 bats
  7 giant cockroaches
  6 goblins
  11 hobgoblins
  16 jackals
  7 kobolds
  A quokka (D:5)
  3 ball pythons
  6 frilled lizards
  A jackal skeleton (D:5)
  A leopard gecko skeleton (D:6)
  8 rats
122 creatures vanquished.

Vanquished Creatures (others)
  30 foxfires (D:5)
30 creatures vanquished.

Grand Total: 152 creatures vanquished

Notes
Turn   | Place    | Note
-------+----------+-------------------------------------------
     0 | D:5      | Geeful the Octopode Delver began the quest for the Orb.
     0 | D:5      | Reached XP level 1. HP: 16/16 MP: 1/1
   124 | D:6      | Found a runed translucent gate.
   127 | D:6      | Found a runed translucent gate.
   127 | D:6      | Found a runed translucent gate.
   129 | D:6      | Noticed xeelzz's ghost (novice GnSu)
   137 | D:6      | Found Jiapo's General Store.
   195 | D:5      | Noticed a worker ant
   232 | D:4      | Reached XP level 2. HP: 4/21 MP: 2/2
   707 | D:4      | Noticed a shadow
   708 | D:4      | Found a shadowy altar of Dithmenos.
   709 | D:4      | Found a hazy altar of Hepliaklqana.
   735 | D:4      | Reached skill level 7 in Stealth
   735 | D:4      | Reached skill level 1 in Spellcasting
   735 | D:4      | Reached XP level 3. HP: 26/26 MP: 4/4
   948 | D:4      | Noticed a phantom
   952 | D:4      | Killed a phantom
   953 | D:4      | Reached XP level 4. HP: 33/33 MP: 4/6
   953 | D:4      | Reached XP level 5. HP: 37/37 MP: 4/7
  1019 | D:4      | Found a staircase to the Ecumenical Temple.
  1033 | Temple   | Entered the Ecumenical Temple
  1228 | Temple   | Became a worshipper of Vehumet
  1510 | D:4      | Got a crystal spear
  1584 | D:5      | Noticed an ogre
  2074 | D:1      | Reached * piety under Vehumet
  2074 | D:1      | Offered knowledge of Foxfire by Vehumet.
  2077 | D:1      | Learned a level 1 spell: Foxfire
  2561 | D:1      | Identified the +5 spear "Ydouraal" {flame, rC+ Int+2} (You
                  | found it on level 4 of the Dungeon)
  2685 | D:2      | Reached XP level 6. HP: 43/43 MP: 9/9
  2888 | D:2      | Offered knowledge of Searing Ray by Vehumet.
  2896 | D:2      | Reached ** piety under Vehumet
  2993 | D:2      | Found a sparkling altar of Nemelex Xobeh.
  3222 | D:2      | Reached skill level 1 in Shields
  3502 | D:3      | Noticed Grinder
  3512 | D:3      | Killed Grinder
  3513 | D:3      | Reached skill level 8 in Stealth
  3513 | D:3      | Reached skill level 1 in Fire Magic
  3513 | D:3      | Reached XP level 7. HP: 18/49 MP: 9/11
  3896 | D:3      | Found a glowing golden altar of the Shining One.
  3897 | D:3      | Found a bloodstained altar of Trog.
  3897 | D:3      | Found a hide-covered altar of Uskayaw.
  3902 | D:3      | Found a shimmering altar of Xom.
  3902 | D:3      | Found a shimmering blue altar of Sif Muna.
  3904 | D:3      | Found a white marble altar of Elyvilon.
  3904 | D:3      | Found an iron altar of Okawaru.
  3918 | D:3      | Found a basalt altar of Yredelemnul.
  3970 | D:3      | Offered knowledge of Stone Arrow by Vehumet.
  4164 | D:4      | Noticed Ijyb
  4177 | D:4      | Killed Ijyb
  5311 | D:5      | Reached XP level 8. HP: 46/54 MP: 12/12
  5802 | D:5      | Noticed Menkaure
  5807 | D:5      | Killed Menkaure
  6124 | D:5      | Found a sparkling altar of Nemelex Xobeh.
  6206 | D:6      | Reached *** piety under Vehumet
  6207 | D:6      | Reached skill level 5 in Fighting
  6211 | D:6      | Bought a +1 hat for 121 gold pieces
  6211 | D:6      | Bought an uncursed ring of resist corrosion for 220 gold
                  | pieces
  6334 | D:6      | HP: 2/55 [hound (1)]
  6335 | D:6      | Slain by a hound

Illustrated notes

Levels and vault maps discovered:
D:1:      erik_arrival_triangle_small, layout_basic
D:2:      layout_basic, nemelex_diamond_rough_becter
D:3:      layout_rooms, grunt_temple_overflow_open, uniq_grinder
D:4:      layout_loops_corners, riverfiend_overflow_shadow_ancestor,
          minmay_temple_entry_stoned_glass, minmay_surrounded, uniq_ijyb
D:5:      layout_cave_pools, marbit_many_paths, palyth_stone_intersect,
          uniq_menkaure
D:6:      layout_basic, grunt_temple_overflow_growth_and_decay, serial_shops,
          nicolae_shop_stone, ebering_ghost_rock_garden
Temple:   compressed_dpeg_triangle_lava_temple

Skill      XL: |  1  2  3  4  5  6  7  8 |
---------------+-------------------------+-----
Stealth        | 7 8 |  8.9
Spellcasting   | 1 2 3 |  3.5
Dodging        | 3 4 |  4.5
Fighting       | 4 5 |  5.0
Shields        | 2 3 4 |  4.1
Fire Magic     | 1 2 |  2.7
Short Blades   | |  2.0

Action                   |  1- 3 |  4- 6 |  7- 9 || total
-------------------------+-------+-------+-------++-------
Melee: Dagger            |    18 |   136 |    42 ||   196
       Constrict         |     6 |    39 |    16 ||    61
       Short sword       |     4 |       |       ||     4
       Tentacles         |     4 |    28 |    18 ||    50
       Spear             |       |     6 |    38 ||    44
Throw: Dart              |       |       |     8 ||     8
 Cast: Foxfire           |       |       |    16 ||    16
  Use: Scroll            |       |     6 |     3 ||     9
       Potion            |       |       |     4 ||     4
 Stab: Sleeping          |     5 |    25 |     4 ||    34
Armor: Skin              |     5 |     5 |    11 ||    21
Dodge: Dodged            |    27 |    78 |   107 ||   212
